 Dungeon Crawl Stone Soup version 0.23.2-1-ga50397a6bc (webtiles) character file.

Game seed: 13639244976336494376

5175 Lennu the Basher (level 10, -1/80 HPs)
             Began as a Demonspawn Berserker on Apr 27, 2019.
             Was a Priest of Trog.
             Killed from afar by an electric eel (9 damage)
             ... with a bolt of electricity
             ... on level 7 of the Dungeon.
             The game lasted 00:19:05 (8425 turns).

Lennu the Basher (Demonspawn Berserker)             Turns: 8425, Time: 00:19:06

Health: -1/80      AC: 12    Str: 18    XL:     10   Next: 34%
Magic:  10/10      EV: 16    Int:  9    God:    Trog [***...]
Gold:   331        SH:  5    Dex: 15    Spells: 9/9 levels left

rFire    . . .     SeeInvis .   v - +0 flail
rCold    + . .     Gourm    .   y - +0 buckler
rNeg     . . .     Faith    .   r - +0 troll leather armour
rPois    .         Spirit   .   (helmet restricted)
rElec    .         Reflect  .   z - +0 cloak
rCorr    .         Harm     .   m - +1 pair of gloves
MR       +++..                  d - +2 pair of boots
Stlth    +.........             (no amulet)
HPRegen  1.63/turn              h - ring of protection from cold
MPRegen  0.12/turn              a - ring of protection from magic

@: berserk cooldown, regenerating, slowed, very slow
A: claws 2, hooves 2, horns 1, spiny 2
a: Berserk, Trog's Hand, Renounce Religion


You were on level 7 of the Dungeon.
You worshipped Trog.
Trog was most pleased with you.
You were very hungry.

You visited 1 branch of the dungeon, and saw 7 of its levels.

You collected 354 gold pieces.
You spent 23 gold pieces at shops.

Inventory:

Hand Weapons
 v - a +0 flail (weapon)
Armour
 d - a +2 pair of boots (worn)
 l - a +0 scale mail
 m - a +1 pair of gloves (worn)
 r - a +0 troll leather armour (worn)
 y - a +0 buckler (worn)
 z - a +0 cloak (worn)
Jewellery
 a - a ring of protection from magic (right hand)
 h - a ring of protection from cold (left hand)
Wands
 e - a wand of iceblast (10)
 p - a wand of paralysis (4)
 u - a wand of flame (49)
 w - a wand of random effects (20)
Scrolls
 f - 3 scrolls of fear
 g - 3 scrolls of remove curse
 o - 4 scrolls of identify
 q - a scroll of magic mapping
 s - a scroll of immolation
 x - a scroll of teleportation
Potions
 b - 2 potions of might
 i - a potion of curing
 j - 4 potions of flight
 k - 2 potions of berserk rage
 n - 3 potions of haste
Comestibles
 c - 18 rations
 t - 2 chunks of flesh


   Skills:
 * Level 8.1 Fighting
 * Level 9.5 Maces & Flails
 + Level 1.2 Throwing
 * Level 7.6 Armour
 * Level 6.4 Dodging
 * Level 4.8 Shields


You had 9 spell levels left.
You didn't know any spells.
Your spell library was empty.

Dungeon Overview and Level Annotations

Branches:
Dungeon (7/15)             Temple (0/1) D:5

Altars:
Dithmenos
Fedhas
Ru
Sif Muna

Shops:
D:5 *

Annotations:
D:7 1 transporter


Innate Abilities, Weirdness & Mutations

You have very sharp fingernails.
You have hoof-like feet.
You have a pair of small horns on your head.
You are mostly covered in sharp spines.


Message History

The bolt of electricity hits the electric eel.
The electric eel completely resists.
You feel your anger nearly subside.
You are no longer berserk.
You are exhausted.
You feel yourself slow down.
The electric eel shoots out a bolt of lightning at you!
The bolt of electricity hits you!
The electric eel shoots out a bolt of lightning at you!
The bolt of electricity hits you!
* * * LOW HITPOINT WARNING * * *
You sock the electric eel!
The electric eel is moderately wounded.
The electric eel shoots out a bolt of lightning at you!
The bolt of electricity hits you!
* * * LOW HITPOINT WARNING * * *
You completely miss the electric eel. You headbutt the electric eel.
The electric eel is severely wounded.
The electric eel shoots out a bolt of lightning at you!
The bolt of electricity hits you!
You die...

#..#..........#..##...........#..
##.##........#..###.......#......
##÷...###....#...#........#......
#.....# ##...##..................
##....####.................#.....
#......##.###############.#####.
###.....#.#8P#;;≈≈≈≈≈#P8#..##...
##......#..#..;≈≈≈≈#..#...#...
#......©#©.'.@;⌠≈≈P+$©#©...... ##
##......#..#..≈≈≈≈≈#..#..#....
.###.......#8P#≈≈≈≈≈≈≈#P8#.#.<##.
...#.......###############.#.....
.........#.......................
...(.....##.....#####.##.........
.........###........>.....#..#...
#.>....#.###.###.#......###......
......##.....#####.......#....#.#


You could see 4 electric eels.

Vanquished Creatures
  The ghost of P0WERM0DE the Skirmisher, a novice VSFi of Uskayaw (D:7)
  A troll (D:5)
  Sigmund (D:5)
  A spriggan (D:7)
  Eustachio (D:5)
  A water moccasin (D:5)
  4 orc warriors
  Duvessa (D:4)
  An ice beast (D:6)
  3 sky beasts
  A black bear (D:7)
  3 centaurs (D:5)
  An ogre (D:5)
  A crocodile (D:3)
  Blork the orc (D:5)
  3 bullfrogs
  Dowan (D:4)
  2 scorpions (D:5)
  3 wights (D:6)
  6 crimson imps
  Crazy Yiuf (D:7)
  A hound (D:4)
  4 orc wizards
  2 orc priests
  4 iguanas
  Natasha (thrice) (D:4)
  8 worker ants
  2 hound zombies
  A hound skeleton (D:5)
  2 worker ant zombies
  3 gnolls (D:5)
  8 adders
  2 shadow imps
  An ooze (D:5)
  An adder zombie (D:5)
  2 worms
  2 dart slugs
  4 leopard geckos
  19 orcs
  13 giant cockroaches
  7 goblins
  5 hobgoblins
  3 jackals (D:3)
  3 kobolds
  4 quokkas
  5 ball pythons
  5 bats
  3 frilled lizards
  A jackal skeleton (D:4)
  A jackal zombie (D:5)
  A leopard gecko skeleton (D:5)
  9 rats
167 creatures vanquished.

Notes
Turn   | Place    | Note
-------+----------+-------------------------------------------
     0 | D:1      | Lennu the Demonspawn Berserker began the quest for the Orb.
     0 | D:1      | Reached XP level 1. HP: 18/18 MP: 1/1
   326 | D:1      | Gained mutation: You are partially covered in sharp spines.
                  | [demonic ancestry]
   326 | D:1      | Reached XP level 2. HP: 8/24 MP: 2/2
   619 | D:1      | Reached skill level 3 in Maces & Flails
  1273 | D:2      | Gained mutation: You have large cloven feet. [demonic
                  | ancestry]
  1273 | D:2      | Reached XP level 3. HP: 21/29 MP: 3/3
  1835 | D:2      | Reached ** piety under Trog
  1844 | D:2      | Gained mutation: You have hoof-like feet. [demonic
                  | ancestry]
  1844 | D:2      | Reached XP level 4. HP: 34/35 MP: 4/4
  2241 | D:3      | Reached skill level 1 in Throwing
  2251 | D:3      | Noticed a crocodile
  2504 | D:3      | Killed a crocodile
  2504 | D:3      | Reached skill level 4 in Maces & Flails
  2504 | D:3      | Reached XP level 5. HP: 42/42 MP: 5/5
  3535 | D:4      | Gained mutation: You have sharp fingernails. [demonic
                  | ancestry]
  3535 | D:4      | Reached XP level 6. HP: 28/48 MP: 6/6
  3693 | D:4      | Noticed Natasha
  3704 | D:4      | Killed Natasha
  3835 | D:4      | Noticed Natasha
  3844 | D:4      | Killed Natasha
  3913 | D:4      | Noticed Natasha
  3923 | D:4      | Killed Natasha
  4042 | D:4      | Noticed Duvessa
  4046 | D:4      | Noticed Dowan
  4049 | D:4      | Killed Duvessa
  4049 | D:4      | Reached skill level 5 in Maces & Flails
  4057 | D:4      | Killed Dowan
  4057 | D:4      | Gained mutation: You are mostly covered in sharp spines.
                  | [demonic ancestry]
  4057 | D:4      | Reached XP level 7. HP: 51/55 MP: 7/7
  4142 | D:4      | Found a shadowy altar of Dithmenos.
  4181 | D:5      | Entered Level 5 of the Dungeon
  4181 | D:5      | Noticed Blork the orc
  4188 | D:5      | Killed Blork the orc
  4239 | D:5      | Found a sacrificial altar of Ru.
  4377 | D:5      | Noticed Eustachio
  4392 | D:5      | Killed Eustachio
  4392 | D:5      | Reached skill level 6 in Maces & Flails
  4436 | D:5      | Reached *** piety under Trog
  4436 | D:5      | Reached XP level 8. HP: 58/61 MP: 8/8
  4560 | D:5      | Found Xoed's Assorted Antiques.
  4575 | D:5      | Reached skill level 5 in Fighting
  4580 | D:5      | Reached skill level 8 in Maces & Flails
  4580 | D:5      | Reached skill level 5 in Dodging
  4580 | D:5      | Gained mutation: You have a pair of small horns on your
                  | head. [demonic ancestry]
  4580 | D:5      | Reached XP level 9. HP: 70/72 MP: 9/9
  4596 | D:5      | Bought a viscous amethyst potion for 23 gold pieces
  4671 | D:5      | Found a blossoming altar of Fedhas.
  4889 | D:5      | Found a staircase to the Ecumenical Temple.
  5155 | D:5      | Identified the cursed +2 hunting sling of Jucap {venom,
                  | Fragile rF+++ rC+ Stlth+}
  5269 | D:5      | Noticed Sigmund
  5280 | D:5      | Killed Sigmund
  5284 | D:5      | Received a gift from Trog
  5506 | D:5      | Noticed a troll
  5514 | D:5      | Killed a troll
  5514 | D:5      | Reached skill level 9 in Maces & Flails
  6164 | D:6      | Gained mutation: You have very sharp fingernails. [demonic
                  | ancestry]
  6164 | D:6      | Reached XP level 10. HP: 80/80 MP: 10/10
  7188 | D:7      | Found a runed translucent gate.
  7188 | D:7      | Found a runed translucent gate.
  7188 | D:7      | Found a runed translucent gate.
  7188 | D:7      | Noticed P0WERM0DE's ghost (novice VSFi)
  7202 | D:7      | Killed P0WERM0DE's ghost
  7360 | D:7      | Found a transporter.
  7681 | D:7      | Reached **** piety under Trog
  7703 | D:7      | Found a transporter.
  7816 | D:7      | Found a deep blue altar of Sif Muna.
  8086 | D:7      | Found a runed translucent door.
  8087 | D:7      | Noticed Crazy Yiuf
  8327 | D:7      | Killed Crazy Yiuf
  8425 | D:7      | Killed from afar by an electric eel

Skill      XL: |  1  2  3  4  5  6  7  8  9 10 |
---------------+-------------------------------+-----
Maces & Flails | 3 4 5 6 8 9 |  9.5
Armour         | 2 3 4 6 7 |  7.6
Dodging        | 2 3 5 6 |  6.4
Throwing       | 1 |  1.2
Fighting       | 4 7 8 |  8.1
Shields        | 4 |  4.8

Action                   |  1- 3 |  4- 6 |  7- 9 | 10-12 || total
-------------------------+-------+-------+-------+-------++-------
Melee: Mace              |   100 |   109 |     7 |       ||   216
       Flail             |       |       |   141 |   115 ||   256
       Headbutt          |       |       |    23 |    29 ||    52
Invok: Berserk           |       |     3 |     6 |     4 ||    13
       Trog's Hand       |       |     2 |     5 |     3 ||    10
  Use: Scroll            |       |       |    10 |     2 ||    12
       Potion            |       |       |     6 |       ||     6
 Stab: Sleeping          |       |       |     1 |       ||     1
  Eat: Chunk             |     3 |     4 |    12 |     9 ||    28
       Ration            |       |     2 |       |     1 ||     3
Armor: Ring mail         |    17 |       |       |       ||    17
       Animal skin       |     2 |       |       |       ||     2
       Scale mail        |    19 |    54 |    67 |       ||   140
       Troll leather arm |       |       |     5 |    27 ||    32
Dodge: Dodged            |    51 |    53 |   100 |    65 ||   269
Block: Buckler           |       |       |       |    10 ||    10
